 Dungeon Crawl Stone Soup version 0.25-a0-429-g4e43983 (webtiles) character file.

Game seed: 4028577858716055053, levelgen mode: deterministic

207196 Firecrotchwizard the Warrior (level 18, -4/168 HPs)
             Began as a Vine Stalker Berserker on Jan 25, 2020.
             Was the Champion of Trog.
             Slain by a salamander (7 damage)
             ... on level 3 of the Snake Pit on Jan 26, 2020.
             The game lasted 01:27:55 (29896 turns).

Firecrotchwizard the Warrior (VSBe)                Turns: 29896, Time: 01:27:56

Health: -4/168     AC:  7    Str: 35    XL:     18   Next: 74%
Magic:  0/23       EV: 12    Int:  7    God:    Trog [******]
Gold:   1441       SH: 19    Dex: 20    Spells: 17/17 levels left

rFire    . . .     SeeInvis .   D - +6 quick blade (vorpal)
rCold    . . .     Gourm    .   F - +2 shield
rNeg     . . .     Faith    .   (no armour)
rPois    +         Spirit   +   o - +2 helmet
rElec    .         Reflect  +   B - scarf {cloud immunity}
rCorr    .         Harm     .   G - +2 pair of gloves {Str+3}
MR       ++++.                  r - +0 pair of boots
Stlth    ..........             i - +2 amulet of reflection
HPRegen  2.18/turn              z - +5 ring of dexterity
MPRegen  0.18/turn              N - ring of poison resistance {rPois, !d}

@: berserking, regenerating, heavily drained, very quick
A: fangs 3, regeneration 2, magic shield, antimagic bite, no potion heal 3, rot
immunity
}: 1/15 runes: decaying
a: Berserk, Trog's Hand, Brothers in Arms, Renounce Religion


You were on level 3 of the Snake Pit.
You worshipped Trog.
Trog was exalted by your worship.
You were not hungry.

You visited 5 branches of the dungeon, and saw 30 of its levels.
You also visited: Gauntlet and Ice Cave.

You collected 2431 gold pieces.
You spent 990 gold pieces at shops.

Inventory:

Hand Weapons
 y - a +1 dagger of holy wrath
   (You took it off an orc on level 5 of the Dungeon)
 D - a +6 vorpal quick blade (weapon)
   (Trog gifted it to you on level 2 of the Lair of Beasts)
Missiles
 x - 11 atropa-tipped darts
 K - 11 curare-tipped darts
Armour
 k - the +6 chain mail of the Komodo Dragon {rElec rC+ MR+ Int-2}
   (You bought it in a shop on level 3 of the Snake Pit)

   It affects your intelligence (-2).
   It protects you from cold.
   It insulates you from electricity.
   It affects your resistance to hostile enchantments.
   If you switch to wearing this armour, your AC will rise 16 points (7 -> 23)
 o - a +2 helmet (worn)
   (You took it off Robin on level 2 of the Dungeon)
 r - a +0 pair of boots (worn)
   (You found it on level 4 of the Dungeon)
 B - a scarf of cloud immunity (worn)
   (You bought it in a shop on level 3 of the Snake Pit)
 F - a +2 shield (worn)
   (You found it on level 6 of the Dungeon)
 G - a +2 pair of gloves of strength (worn)
   (You found it on level 1 of the Orcish Mines)
 J - a scarf of repulsion
   (You found it on level 2 of the Snake Pit)
 P - a +0 scale mail
   (You found it on level 3 of the Snake Pit)
Jewellery
 i - a +2 amulet of reflection (around neck)
   (You found it on level 13 of the Dungeon)
 p - an uncursed ring of flight {+Fly, !d}
   (You found it on level 4 of the Swamp)
 z - a +5 ring of dexterity (left hand)
   (You took it off an orc on level 5 of the Dungeon)
 N - a ring of poison resistance (right hand) {rPois, !d}
   (You bought it in a shop on level 2 of the Orcish Mines)
 O - a +3 ring of protection
   (You found it on level 10 of the Dungeon)
 R - an uncursed amulet of regeneration {+regen, !d}
   (You found it on level 3 of the Lair of Beasts)
 S - an uncursed ring of protection from fire {rF+, !d}
   (You found it on level 4 of the Lair of Beasts)
 T - an uncursed ring of protection from cold {rC+, !d}
   (You found it on level 4 of the Lair of Beasts)
 U - an uncursed ring of protection from magic {MR+, !d}
   (You found it on level 6 of the Lair of Beasts)
 W - an uncursed ring of resist corrosion
   (You found it on level 4 of the Swamp)
Wands
 I - a wand of scattershot (7)
   (You found it on level 8 of the Dungeon)
 V - a wand of acid (6)
   (You found it on level 11 of the Dungeon)
 Z - a wand of iceblast (14)
   (You found it on level 13 of the Dungeon)
Scrolls
 b - 2 scrolls of magic mapping {!r}
 m - 12 scrolls of teleportation
 u - 3 scrolls of fog
 w - 9 scrolls of remove curse
 A - 3 scrolls of blinking {!r}
 C - 4 scrolls of identify
 X - 6 scrolls of fear
Potions
 d - 9 potions of might
 e - 12 potions of heal wounds
 f - a potion of flight
 g - a potion of cancellation
 h - 4 potions of invisibility
 j - 6 potions of mutation {!q}
 l - 3 potions of lignification {!q}
 n - 2 potions of ambrosia
 q - 5 potions of berserk rage {!q}
 s - 5 potions of haste
 t - 4 potions of curing
 v - 2 potions of magic
 L - a potion of resistance
 M - 5 potions of agility
 Y - 3 potions of brilliance
Miscellaneous
 a - a box of beasts
 E - a phantom mirror
 Q - a lightning rod (4/4)
   (You found it on level 1 of the Swamp)
Comestibles
 c - 54 rations
 H - 5 chunks of flesh {@w0}


   Skills:
 + Level 19.5(16.9) Fighting
 - Level 13.1(10.9) Short Blades
   Level 2.8(7.1) Long Blades
 + Level 7.2(5.2) Armour
 - Level 3.9(2.1) Dodging
 - Level 15.0(12.6) Shields
 + Level 6.3(4.4) Evocations


You had 17 spell levels left.
You didn't know any spells.
Your spell library was empty.

Dungeon Overview and Level Annotations

Branches:
Dungeon (15/15)            Temple (0/1) D:5            Lair (6/6) D:10
  Swamp (4/4) Lair:2        Snake (3/4) Lair:3        Slime (0/5) Lair:6
    Orc (2/2) D:9             Elf (0/3) Orc:2        Vaults (0/5) D:13
 Depths (0/5) D:15          IceCv (visited)         Gauntlet (visited)

Altars:
Ashenzari
Cheibriados
Dithmenos
Elyvilon
Hepliaklqana
Nemelex Xobeh
Okawaru
Sif Muna
Trog
Vehumet
Xom
Yredelemnul
Zin
The Shining One
Beogh
Jiyva

Shops:
Orc:2 !%=:[   Snake:3 [

Annotations:
D:3 2 runed translucent doors, flotson's ghost, amateur DgWn
D:9 exclusion: ice statue
D:15 3 runed translucent doors, Clumpoid's ghost, adept GnWn
Lair:2 exclusion: hydra
Snake:3 1 runed translucent door, Clumpoid's ghost, adept HOFi


Innate Abilities, Weirdness & Mutations

You have razor-sharp teeth.
You heal very quickly.
When hurt, damage is shared between your health and your magic reserves.
Your bite disrupts and absorbs the magic of your enemies.
Potions cannot restore your health.
You are immune to rotting.


Message History

The splash of poison reflects off an invisible shield around you!
The splash of poison hits the naga but does no damage.
Asterion enters a dispersal trap!
The naga blinks!
You blink.
You barely miss the naga. Your bite misses the naga.
You block the naga's attack. x2
You puncture the naga! Your bite misses the naga. You barely miss the naga.
You bite the naga!!
You kill the naga!
Trog accepts your kill.
Asterion mumbles some strange prayers to Makhleb.
A salamander comes into view.
Things that are here:
a +0 short sword; a +0 robe; a naga corpse Asterion hits you from afar with a +1 demon trident of draining!
You feel drained.
You take 10 damage, and have 102/112 hp.
You now have 20/23 mp.
Your skin crawls.
You feel resistant to hostile enchantments.
You feel quite a bit more hungry.
The Executioner gestures.
The Executioner seems to speed up.
Asterion prays to Makhleb.
Asterion seems to speed up.
You block the Executioner's attack.
The Executioner hits you but does no damage.
You block the Executioner's attack.
You regained 2 hp, and now have 104/112 hp.
A red film seems to cover your vision as you go berserk!
You feel yourself moving faster!
You feel mighty!
You feel a lot more hungry. The Executioner hits you.
The Executioner barely misses you. You block the Executioner's attack.
Asterion hits you from afar with a +1 demon trident of draining!!
You feel drained. The Executioner hits you!!
You block the Executioner's attack. x2
Asterion hits you from afar with a +1 demon trident of draining!!
You feel drained. The Executioner hits you! You block the Executioner's attack.
The Executioner hits you.
You now have 59/168 hp.
You feel a strong urge to attack something.
The Executioner gestures at you. You resist with almost no effort.
You block the Executioner's attack. The Executioner closely misses you.
You block the Executioner's attack. Asterion barely misses you.
You block Asterion's attack.
You puncture Asterion! Asterion blocks your attack.
Unknown command.
You hit Asterion. Asterion blocks your attack. The Executioner hits you!!
* * * LOW HITPOINT WARNING * * *
The Executioner misses you. You block the Executioner's attack.
You take 24 damage, and have 37/168 hp.
You now have 5/23 mp.
You puncture Asterion! You bite Asterion. You drain his power.
You feel invigorated. The Executioner hits you!
* * * LOW HITPOINT WARNING * * *
You block the Executioner's attack. x2
You take 12 damage, and have 25/168 hp.
You regained 2 mp, and now have 7/23 mp.
You hit Asterion. You bite Asterion! You drain his power.
You feel invigorated.
Asterion hits you with a +1 demon trident of draining!
* * * LOW HITPOINT WARNING * * *
You feel drained.
* * * LOW HITPOINT WARNING * * *
Asterion barely misses you.
You hit Asterion. Your bite misses Asterion.
You block the Executioner's attack.
The Executioner hits you but does no damage.
The Executioner misses you.
You take 9 damage, and have 16/168 hp.
You regained 4 mp, and now have 11/23 mp.
Asterion blocks your attack.
You bite Asterion! You drain his power.
You feel invigorated.
MP restored: 23 You hit Asterion.
You bite Asterion. You drain his power. You block the Executioner's attack.
The Executioner hits you!
* * * LOW HITPOINT WARNING * * *
The Executioner hits you but does no damage.
You block the salamander's attack. You block Asterion's attack. x2
You take 3 damage, and have 14/168 hp.
You now have 19/23 mp.
Asterion blocks your attack.
You bite Asterion! You drain his power.
You feel invigorated. You block the Executioner's attack.
The Executioner hits you but does no damage.
You block the Executioner's attack.
MP restored: 23 You puncture Asterion!
You bite Asterion! You drain his power.
You block the Executioner's attack. x2; The Executioner hits you!
* * * LOW HITPOINT WARNING * * *
You take 3 damage, and have 12/168 hp.
You now have 17/23 mp.
You hit Asterion. You bite Asterion, but do no damage.
Asterion hits you with a +1 demon trident of draining!
* * * LOW HITPOINT WARNING * * *
You feel drained.
* * * LOW HITPOINT WARNING * * *
Asterion gores you!
* * * LOW HITPOINT WARNING * * *
You puncture Asterion!
You kill Asterion!
Trog accepts your kill.
The Executioner disappears in a puff of smoke!
The salamander hits you.
You are engulfed in flames!
You die...

#.###...###..#...
#........##..
#..##.....#..
##.#......#..
H.####.....#..
..#..##.#####.
...#.........S.
#######.######........
#....@)..#...#........
##....§N..#...##.......
#...).######.....))....
#.....#....#...##.)....
#
###.###....#....#...###
##
#.........##.####..#..
.#
#......#.##...........
.#
#####.##.#......######
.#
#...#....#......#....#


You could see a salamander.

Vanquished Creatures
  Nikola (Swamp:4)
  A tentacled monstrosity (Swamp:4)
  Jorgrun (Orc:2)
  Asterion (Snake:3)
  2 thorn hunters
  Donald (Swamp:2)
  2 nagarajas
  A frost giant (IceCv)
  Aizul (Snake:1)
  3 very ugly things (Swamp:4)
  A dire elephant (Lair:4)
  A fire dragon (D:13)
  2 green deaths (Swamp:4)
  Snorg (D:14)
  A vault guard (D:13)
  Fannar (Orc:1)
  Erolcha (D:9)
  2 catoblepae
  A death knight (D:13)
  7 naga warriors
  16 hydras
  2 shambling mangroves
  4 two-headed ogres
  A centaur warrior (D:14)
  The ghost of G1itch the Thaumaturge, a journeyman DsVM of Vehumet (Orc:1)
  8 anacondas
  A deep troll shaman (Lair:6)
  14 death yaks
  4 tengu warriors
  12 alligators
  Urug (D:10)
  An orc high priest (Orc:1)
  A shock serpent (Snake:2)
  4 naga sharpshooters
  Sonja (Orc:2)
  A shadow wraith (D:13)
  7 skeletal warriors (D:15)
  A salamander mystic (Snake:3)
  An unseen horror (D:12)
  8 swamp dragons
  A spriggan druid (Swamp:4)
  3 naga ritualists
  A lindwurm (Lair:6)
  A phantasmal warrior (D:15)
  7 orc knights
  A wizard (D:15)
  An orc sorcerer (Orc:2)
  A stone giant zombie (D:15)
  A necromancer (D:15)
  A fire giant zombie (D:15)
  8 ugly things
  3 mana vipers
  2 deep elf magi
  3 manticores
  3 cyclopes
  5 salamanders
  24 elephants
  27 black mambas
  2 guardian serpents
  An ice statue (IceCv)
  Maggie (D:6)
  9 naga magi
  An orange demon (Swamp:4)
  12 spiny frogs
  4 rime drakes
  3 yaktaurs (D:15)
  A harpy zombie (D:15)
  9 komodo dragons
  2 tengu conjurers
  A queen bee (shapeshifter) (D:15)
  7 trolls
  18 hornets
  2 meliai (D:13)
  22 polar bears
  12 bog bodies
  7 tyrant leeches
  29 slime creatures
  A deep troll zombie (D:15)
  27 blink frogs
  6 hippogriffs
  9 dream sheep
  A small abomination (Swamp:4)
  An ice dragon skeleton (D:15)
  A wraith (D:12)
  6 shadows
  12 spriggans
  65 yaks
  A vampire (D:12)
  2 wyverns
  3 basilisks
  5 hungry ghosts
  6 vampire mosquitoes
  4 neqoxecs (Orc:1)
  A large abomination (Swamp:4)
  14 swamp worms
  7 wargs
  21 nagas
  An acid dragon (shapeshifter) (D:13)
  23 insubstantial wisps
  13 water moccasins
  14 porcupines
  7 swamp drakes
  9 ice beasts
  37 orc warriors
  A necrophage (D:13)
  A phantom (D:7)
  4 sky beasts
  3 black bears
  9 ogres
  52 wolves
  18 crocodiles
  7 centaurs
  20 bullfrogs
  7 big kobolds
  A wyvern skeleton (D:7)
  A water moccasin zombie (D:11)
  8 scorpions
  20 killer bees
  A howler monkey (D:5)
  11 crimson imps
  4 centaur zombies
  2 jellies (D:8)
  3 quasits (Orc:1)
  9 orc priests
  2 bullfrog zombies
  4 hounds
  15 orc wizards
  A bullfrog skeleton (D:11)
  2 centaur skeletons
  2 iguanas
  10 worker ants
  A killer bee zombie (D:8)
  2 hound zombies
  A hound skeleton (D:9)
  A worker ant zombie (D:8)
  Robin (D:2)
  6 gnolls
  2 howler monkey skeletons
  7 adders
  A river rat (D:3)
  A shadow imp (D:4)
  3 oozes
  2 adder zombies
  An adder skeleton (D:4)
  8 worms
  7 leopard geckos
  78 orcs
  5 ball pythons
  8 giant cockroaches
  10 goblins
  12 hobgoblins
  8 jackals
  22 kobolds
  2 quokkas
  8 bats
  A frilled lizard (D:2)
  2 jackal skeletons (D:4)
  5 rats
  A briar patch (Swamp:3)
  A plant (Lair:2)
1079 creatures vanquished.

Vanquished Creatures (collateral kills)
  A hornet (Swamp:2)
  A spriggan (Swamp:2)
2 creatures vanquished.

Vanquished Creatures (others)
  Nessos (D:15)
  A spriggan (Swamp:1)
  A hornet (Swamp:1)
  An insubstantial wisp (Swamp:1)
  A naga (Snake:1)
  An orc (Orc:2)
  2 briar patches (Swamp:3)
  25 fungi
  18 plants
51 creatures vanquished.

Grand Total: 1132 creatures vanquished

Notes
Turn   | Place    | Note
-------+----------+-------------------------------------------
     0 | D:1      | Firecrotchwizard the Vine Stalker Berserker began the quest
                  | for the Orb.
     0 | D:1      | Reached XP level 1. HP: 11/11 MP: 2/2
   278 | D:1      | Reached XP level 2. HP: 16/16 MP: 3/3
   862 | D:2      | HP: 4/16 [worm (7)]
  1222 | D:2      | Reached XP level 3. HP: 19/19 MP: 4/4
  1303 | D:2      | Reached skill level 3 in Fighting
  1303 | D:2      | Reached skill level 2 in Dodging
  1336 | D:2      | Reached skill level 2 in Armour
  1693 | D:2      | Found a snail-covered altar of Cheibriados.
  1696 | D:2      | Reached skill level 1 in Short Blades
  1981 | D:3      | Noticed a sky beast
  2055 | D:2      | Gained mutation: Your natural rate of healing is unusually
                  | fast. [Vine Stalker growth]
  2055 | D:2      | Reached XP level 4. HP: 13/24 MP: 2/5
  2080 | D:3      | Reached ** piety under Trog
  2099 | D:3      | Found an iron altar of Okawaru.
  2141 | D:3      | Found a runed translucent door.
  2142 | D:3      | Noticed a bullfrog
  2142 | D:3      | Noticed flotson's ghost (amateur DgWn)
  2296 | D:3      | Noticed Robin
  2329 | D:2      | Killed a sky beast
  2329 | D:2      | Reached skill level 2 in Short Blades
  2329 | D:2      | Reached XP level 5. HP: 28/28 MP: 3/6
  2365 | D:2      | Killed Robin
  2456 | D:3      | Found a runed translucent door.
  2563 | D:3      | Reached XP level 6. HP: 32/32 MP: 5/7
  2988 | D:4      | Reached skill level 3 in Short Blades
  3227 | D:4      | Noticed a hungry ghost
  3253 | D:4      | Killed a hungry ghost
  3253 | D:4      | Reached skill level 4 in Fighting
  3253 | D:4      | Reached skill level 3 in Armour
  3253 | D:4      | Reached skill level 3 in Dodging
  3253 | D:4      | Reached XP level 7. HP: 33/37 MP: 8/8
  3278 | D:4      | Found a basalt altar of Yredelemnul.
  3560 | D:4      | Reached *** piety under Trog
  3742 | D:4      | Found a glowing silver altar of Zin.
  3742 | D:4      | Found Zin's Purification Station.
  3750 | D:4      | Bought a potion of curing for 90 gold pieces
  3830 | D:4      | Found a shadowy altar of Dithmenos.
  3975 | D:5      | Entered Level 5 of the Dungeon
  3985 | D:5      | Reached skill level 4 in Short Blades
  4072 | D:5      | Found a staircase to the Ecumenical Temple.
  4085 | D:5      | Found Zoitoich's Book Boutique.
  4494 | D:5      | Gained mutation: You have razor-sharp teeth. [Vine Stalker
                  | growth]
  4494 | D:5      | Reached XP level 8. HP: 41/42 MP: 9/9
  4656 | D:6      | Reached skill level 5 in Short Blades
  4913 | D:6      | Reached skill level 5 in Fighting
  4918 | D:6      | Reached **** piety under Trog
  4960 | D:6      | Noticed Maggie
  4970 | D:6      | Killed Maggie
  4970 | D:6      | Reached skill level 6 in Short Blades
  4970 | D:6      | Reached XP level 9. HP: 47/47 MP: 10/10
  5194 | D:7      | Reached skill level 7 in Short Blades
  5362 | D:7      | Reached skill level 6 in Fighting
  5508 | D:7      | Found a shimmering altar of Xom.
  5509 | D:7      | Found a hazy altar of Hepliaklqana.
  5509 | D:7      | Noticed a thorn hunter
  5510 | D:7      | Noticed a thorn hunter
  5510 | D:7      | Noticed a spectral ugly thing
  5541 | D:7      | Found a sparkling altar of Nemelex Xobeh.
  5700 | D:7      | Reached skill level 8 in Short Blades
  6035 | D:8      | Noticed a two-headed ogre
  6049 | D:8      | Killed a two-headed ogre
  6049 | D:8      | Reached skill level 7 in Fighting
  6049 | D:8      | Reached skill level 9 in Short Blades
  6049 | D:8      | Reached XP level 10. HP: 36/55 MP: 6/11
  6485 | D:9      | Noticed Erolcha
  6492 | D:9      | Killed Erolcha
  6492 | D:9      | Reached skill level 10 in Short Blades
  6607 | D:9      | Noticed an ice statue
  6631 | D:9      | You fall into a shaft and drop 1 floor!
  6631 | D:10     | Entered Level 10 of the Dungeon
  6653 | D:10     | Reached ***** piety under Trog
  6653 | D:10     | Received a gift from Trog
  6739 | D:10     | Reached skill level 8 in Fighting
  6789 | D:10     | Found a staircase to the Lair.
  6987 | D:10     | Noticed Urug
  6994 | D:10     | Killed Urug
  6994 | D:10     | Reached skill level 11 in Short Blades
  6994 | D:10     | Reached XP level 11. HP: 53/60 MP: 12/12
  7130 | D:9      | Noticed a three-headed hydra
  7137 | D:9      | Killed a three-headed hydra
  7137 | D:9      | Reached skill level 9 in Fighting
  7331 | D:9      | Found a staircase to the Orcish Mines.
  7814 | D:9      | Found a glowing golden altar of the Shining One.
  7814 | D:9      | Found a radiant altar of Vehumet.
  8041 | D:10     | Received a gift from Trog
  8220 | D:10     | Reached skill level 12 in Short Blades
  8569 | Lair:1   | Entered Level 1 of the Lair of Beasts
  8971 | D:10     | Gained mutation: You heal very quickly. [Vine Stalker
                  | growth]
  8971 | D:10     | Reached XP level 12. HP: 66/67 MP: 13/13
  9102 | Lair:1   | Reached skill level 10 in Fighting
  9102 | Lair:1   | Reached skill level 13 in Short Blades
  9336 | Lair:1   | Reached skill level 1 in Shields
  9528 | Lair:1   | Reached skill level 2 in Shields
  9916 | Lair:2   | Reached skill level 3 in Shields
 10055 | Lair:2   | Received a gift from Trog
 10075 | Lair:2   | Reached skill level 4 in Shields
 10145 | Lair:2   | Reached skill level 11 in Fighting
 10199 | Lair:2   | Noticed a seven-headed hydra
 10350 | Lair:2   | Got a shimmering ring mail
 10361 | Lair:2   | Identified the +1 ring mail "Lantuf" {*Drain Int+4 Stlth+}
                  | (You found it on level 2 of the Lair of Beasts)
 10657 | Lair:2   | Noticed a six-headed hydra
 10864 | Lair:3   | Reached skill level 5 in Shields
 11249 | Lair:3   | Reached skill level 6 in Shields
 11272 | Lair:3   | Reached XP level 13. HP: 62/74 MP: 14/14
 11578 | Lair:3   | Found a staircase to the Snake Pit.
 11600 | Lair:3   | Found a radiant altar of Vehumet.
 11961 | Lair:3   | Paralysed by a hornet for 2 turns
 12101 | Lair:4   | Received a gift from Trog
 12101 | Lair:4   | Reached skill level 12 in Fighting
 12102 | Lair:4   | Got a jewelled triple sword {god gift}
 12107 | Lair:4   | Identified the +10 triple sword of Taecar {vorpal, Fragile
                  | rElec rPois Int+7} (Trog gifted it to you on level 4 of the
                  | Lair of Beasts)
 12131 | Lair:4   | Noticed a dire elephant
 12141 | Lair:4   | Reached skill level 7 in Shields
 12181 | Lair:4   | Killed a dire elephant
 12391 | Lair:4   | Reached skill level 8 in Shields
 12437 | Lair:4   | Found a gate leading to a gauntlet.
 12509 | Gauntlet | Entered a Gauntlet
 12509 | Gauntlet | Found a transporter.
 12509 | Gauntlet | Found a transporter.
 12510 | Gauntlet | Found a transporter.
 12513 | Gauntlet | Found a transporter.
 12513 | Gauntlet | Found a transporter.
 12513 | Gauntlet | Found a transporter.
 12523 | Gauntlet | Found a transporter.
 12525 | Gauntlet | Found a transporter.
 12527 | Gauntlet | Found a transporter.
 12528 | Gauntlet | Found a transporter.
 12544 | Gauntlet | Found a transporter.
 12545 | Gauntlet | Found a transporter.
 13734 | Lair:5   | Reached skill level 13 in Fighting
 13743 | Lair:5   | Reached skill level 9 in Shields
 13942 | Lair:5   | Reached XP level 14. HP: 79/82 MP: 15/15
 13975 | Lair:5   | Received a gift from Trog
 13981 | Lair:5   | HP: 26/123 [death yak (10)]
 14036 | Lair:5   | Found a frozen archway.
 14106 | IceCv    | Entered an ice cave
 14115 | IceCv    | Reached skill level 10 in Shields
 14556 | IceCv    | Noticed a frost giant
 14587 | IceCv    | Killed a frost giant
 14587 | IceCv    | Reached skill level 14 in Fighting
 14816 | Lair:5   | Received a gift from Trog
 15173 | Lair:6   | Entered Level 6 of the Lair of Beasts
 15289 | Lair:6   | Reached skill level 11 in Shields
 15400 | Lair:6   | Found a staircase to the Slime Pits.
 15400 | Lair:6   | Found a viscous altar of Jiyva.
 15835 | Lair:6   | Reached XP level 15. HP: 88/88 MP: 16/16
 15873 | Lair:6   | HP: 19/88 [death yak (11)]
 15953 | Lair:6   | Received a gift from Trog
 15953 | Lair:6   | Reached skill level 12 in Shields
 16057 | Lair:6   | Reached skill level 15 in Fighting
 16446 | D:11     | You fall into a shaft and drop 2 floors!
 16659 | D:12     | Found a white marble altar of Elyvilon.
 17445 | D:11     | Got a shimmering scale mail
 17446 | D:11     | Identified the +5 scale mail of the Mackerel {rN+++ Str-5
                  | Int-4 Stlth+} (You found it on level 11 of the Dungeon)
 17455 | D:11     | Found a shimmering blue altar of Sif Muna.
 18243 | D:13     | Received a gift from Trog
 18867 | D:13     | Found a gate to the Vaults.
 19058 | D:13     | Reached skill level 13 in Shields
 19274 | D:14     | Noticed Snorg
 19314 | D:14     | Killed Snorg
 19394 | D:14     | Found a shattered altar of Ashenzari.
 19728 | D:14     | You fall into a shaft and drop 1 floor!
 19728 | D:15     | Entered Level 15 of the Dungeon
 19791 | D:15     | Received a gift from Trog
 19829 | D:15     | Reached skill level 16 in Fighting
 19882 | D:15     | Found a staircase to the Depths.
 19983 | D:15     | Reached XP level 16. HP: 66/96 MP: 17/17
 20206 | D:15     | Noticed Nessos
 20227 | D:15     | Killed Nessos
 20645 | D:15     | Found a bloodstained altar of Trog.
 20698 | D:15     | Found a runed translucent gate.
 20698 | D:15     | Found a runed translucent gate.
 20699 | D:15     | Found a runed translucent gate.
 20701 | D:15     | Noticed Clumpoid's ghost (adept GnWn)
 21019 | Orc:1    | Entered Level 1 of the Orcish Mines
 21110 | Orc:1    | Found a transporter.
 21159 | Orc:1    | Noticed G1itch's ghost (journeyman DsVM)
 21166 | Orc:1    | Found a transporter.
 21274 | Orc:1    | Killed G1itch's ghost
 21298 | Orc:1    | Got the ring of Xom's Sleight of Hands {Int+2}
 21343 | Orc:2    | Entered Level 2 of the Orcish Mines
 21433 | Orc:2    | Received a gift from Trog
 21541 | Orc:2    | Noticed Sonja
 21552 | Orc:2    | Found a roughly hewn altar of Beogh.
 21556 | Orc:2    | Reached skill level 14 in Shields
 21597 | Orc:2    | Killed Sonja
 21667 | Orc:2    | Found a staircase to the Elven Halls.
 21673 | Orc:2    | Noticed Jorgrun
 21700 | Orc:2    | Killed Jorgrun
 21889 | Orc:2    | Found Bipof's Antique Armour Shoppe.
 21941 | Orc:2    | Found Esecauph's Book Shoppe.
 21978 | Orc:2    | Found Quyz's Jewellery Shop.
 22069 | Orc:2    | Found Nisaggio's Food Shoppe.
 22115 | Orc:2    | Found Fesaopse's Distillery.
 22145 | Orc:2    | Received a gift from Trog
 22267 | Orc:2    | Bought an uncursed ring of poison resistance for 340 gold
                  | pieces
 22311 | Orc:1    | Noticed Fannar
 22333 | Orc:1    | Killed Fannar
 22662 | Lair:2   | Found a staircase to the Swamp.
 22901 | Swamp:1  | Entered Level 1 of the Swamp
 23163 | Swamp:1  | Reached skill level 17 in Fighting
 23254 | Swamp:1  | HP: 36/147 [insubstantial wisp/static electricity (1)]
 23259 | Swamp:1  | HP: 23/147 [poisoned by a spriggan rider]
 23264 | Swamp:1  | HP: 18/147 [poisoned by a spriggan rider]
 23269 | Swamp:1  | HP: 8/98 [swamp drake (3)]
 23290 | Swamp:1  | HP: 24/98 [spriggan rider/+0 spear of venom (8)]
 23311 | Swamp:1  | HP: 24/98 [insubstantial wisp/static electricity (6)]
 23411 | Swamp:1  | Received a gift from Trog
 24174 | Swamp:2  | Noticed a thorn hunter
 24192 | Swamp:2  | Killed a thorn hunter
 24222 | Swamp:2  | Reached skill level 15 in Shields
 24222 | Swamp:2  | Reached XP level 17. HP: 98/102 MP: 18/18
 24377 | Swamp:2  | Found a hazy altar of Hepliaklqana.
 24529 | Swamp:2  | Noticed Donald
 24600 | Swamp:2  | Killed Donald
 24749 | Swamp:2  | Reached ****** piety under Trog
 25061 | Swamp:3  | Reached skill level 18 in Fighting
 25824 | Swamp:4  | Entered Level 4 of the Swamp
 25824 | Swamp:4  | Noticed Nikola
 25873 | Swamp:4  | Received a gift from Trog
 26323 | Swamp:4  | Killed Nikola
 26362 | Swamp:4  | Reached skill level 4 in Armour
 26426 | Swamp:4  | Reached skill level 1 in Evocations
 26532 | Swamp:4  | Received a gift from Trog
 26609 | Swamp:4  | Reached skill level 2 in Evocations
 26678 | Swamp:4  | Reached skill level 19 in Fighting
 26747 | Swamp:4  | Got a decaying rune of Zot
 26850 | Swamp:4  | Noticed a tentacled monstrosity
 26867 | Swamp:4  | Killed a tentacled monstrosity
 26867 | Swamp:4  | Reached skill level 5 in Armour
 26867 | Swamp:4  | Reached skill level 3 in Evocations
 26924 | Swamp:4  | Reached XP level 18. HP: 108/112 MP: 21/21
 27425 | Snake:1  | Entered Level 1 of the Snake Pit
 27612 | Snake:1  | Noticed Aizul
 27630 | Snake:1  | Killed Aizul
 27680 | Snake:1  | Reached skill level 4 in Evocations
 28030 | Snake:1  | Received a gift from Trog
 28066 | Snake:1  | Reached skill level 6 in Armour
 28716 | Snake:2  | Reached skill level 5 in Evocations
 29380 | Snake:3  | Received a gift from Trog
 29433 | Snake:3  | Found a runed translucent door.
 29434 | Snake:3  | Found a shimmering altar of Xom.
 29434 | Snake:3  | Noticed Clumpoid's ghost (adept HOFi)
 29633 | Snake:3  | Reached skill level 6 in Evocations
 29648 | Snake:3  | Reached skill level 7 in Armour
 29660 | Snake:3  | Found Megoc's Antique Armour Shop.
 29668 | Snake:3  | Bought a slimy chain mail for 304 gold pieces
 29668 | Snake:3  | Bought a runed scarf for 256 gold pieces
 29671 | Snake:3  | Identified the +6 chain mail of the Komodo Dragon {rElec
                  | rC+ MR+ Int-2} (You bought it in a shop on level 3 of the
                  | Snake Pit)
 29877 | Snake:3  | Noticed Asterion
 29887 | Snake:3  | HP: 37/168 [Executioner[Asterion] (24)]
 29889 | Snake:3  | HP: 18/168 [Asterion/+1 demon trident of draining (8)]
 29894 | Snake:3  | HP: 12/168 [Executioner[Asterion] (3)]
 29895 | Snake:3  | HP: 3/168 [Asterion/+1 demon trident of draining (4)]
 29896 | Snake:3  | Killed Asterion
 29896 | Snake:3  | Slain by a salamander

Levels and vault maps discovered:
D:1:      minmay_arrival_split_and_join, layout_loops_cross
D:2:      layout_basic, cheibriados_altar_1
D:3:      layout_loops_cross, okawaru_trees_2, ebering_ghost_sewer_f,
          portal_sewer_entry_b, first_ration, uniq_robin
D:4:      layout_basic, lemuel_doored_altar, zin_purify,
          nicolae_dithmenos_through_a_glass_darkly
D:5:      layout_loops_ring, minmay_temple_entry_gardened_gates, serial_shops,
          nicolae_shop_trees
D:6:      layout_rooms, uniq_maggie
D:7:      layout_loops_ring, regret_index_temple_of_mockery,
          nemelex_xobeh_ov_fountains_minmay, kennysheep_flooded_box
D:8:      layout_basic
D:9:      lemuel_ice_statue, layout_long_grid, gammafunk_temple_overflow_statue,
          orc_0_dummy, hangedman_ranch [blue_anna_fruit_fields], uniq_erolcha
D:10:     layout_roguey, due_lair_maze_entry_diamond, uniq_urug
D:11:     layout_irregular_city, basic_altar
D:12:     layout_basic, basic_altar
D:13:     layout_basic, david_vaults_4, eino_jars
D:14:     layout_gridville, ashenzari_altar_1, uniq_snorg
D:15:     gammafunk_depths_entry_grave, layout_loops_cross, lemuel_tele_altar,
          gammafunk_ghost_spectres, eino_small_chamber_without_monster,
          uniq_nessos
Lair:1:   layout_gridlike
Lair:2:   layout_misc_corridors, palyth_hydra_swamp_entry, serial_bayou_ford_a,
          hibernation_bobbens
Lair:3:   layout_roguey, guppyfry_snake_entry_garden, basic_altar,
          grunt_forest_large_clearings, infiniplex_staircase_pool_2,
          grunt_megastairs_2
Lair:4:   beast_lair_carwin_large_4, layout_cave_pods, gauntlet_entry_generic,
          chequers_serial_rivers_large_a, cheibrodos_lair_reptile_den
Lair:5:   layout_big_grid, portal_ice_cave_entry_ice_beasts,
          beast_lair_carwin_10, serial_bayou_shore_a
Lair:6:   grunt_lair_end_beastmaster, layout_misc_corridors, slime_altar_1
Swamp:1:  layout_basic_swamp, serial_swamp_ruin, evilmike_swamp_ruin_house_6,
          evilmike_swamp_ruin_house_4
Swamp:2:  layout_falls_marsh, nicolae_swamp_godswood, uniq_donald
Swamp:3:  layout_basic_swamp, evilmike_swamp_ruin_house_1, swamp_pool1
Swamp:4:  swamp_vile, layout_basic_swamp, swamp_pool1, uniq_nikola
Snake:1:  layout_onion_interference, grunt_megastairs_5, uniq_aizul
Snake:2:  layout_onion_interference
Snake:3:  layout_honeycomb, ebering_ghost_xom, serial_shops, shop, uniq_asterion
Orc:1:    layout_diamond_mine, gammafunk_ghost_stat_death, uniq_fannar
Orc:2:    st_orc_town, layout_caves, serial_shops,
          nicolae_shop_overgrown_old_shop, uniq_sonja, uniq_jorgrun

Skill      XL: |  1  2  3  4  5  6  7  8  9 10 11 12 13 14 15 16 17 18 |
---------------+-------------------------------------------------------+-----
Fighting       | 3 4 5 7 8 9 11 13 14 16 17 19 | 19.5
Dodging        | 2 3 |  3.9
Armour         | 2 3 5 7 |  7.2
Short Blades   | 1 2 3 4 6 9 11 12 13 | 13.1
Shields        | 6 9 11 13 15 | 15.0
Evocations     | 3 6 |  6.3
Long Blades    | |  2.8

Action                   |  1- 3 |  4- 6 |  7- 9 | 10-12 | 13-15 | 16-18 || total
-------------------------+-------+-------+-------+-------+-------+-------++-------
Melee: Falchion          |    82 |       |       |       |       |       ||    82
       Bite              |    31 |    59 |   212 |   469 |  1177 |  1186 ||  3134
       Dagger            |    26 |   192 |   438 |   725 |       |       ||  1381
       Quick blade       |       |       |       |   232 |  1898 |  2115 ||  4245
Throw: Dart              |       |       |       |       |     3 |       ||     3
Invok: Berserk           |     2 |     2 |     2 |     5 |     5 |     9 ||    25
       Trog's Hand       |       |       |       |     1 |     1 |     1 ||     3
Evoke: Wand              |       |       |       |       |     1 |     8 ||     9
  Use: Scroll            |     8 |     1 |     9 |     4 |    15 |    17 ||    54
       Potion            |       |       |       |       |       |     2 ||     2
 Stab: Sleeping          |     2 |       |       |     1 |     2 |       ||     5
       Petrified         |       |       |       |       |     8 |       ||     8
       Petrifying        |       |       |       |       |     2 |       ||     2
       Confused          |       |       |       |       |       |     2 ||     2
  Eat: Ration            |     1 |     3 |       |       |       |     6 ||    10
       Chunk             |     2 |     9 |    29 |    21 |    27 |    21 ||   109
Armor: Animal skin       |    11 |       |       |       |       |       ||    11
       Scale mail        |    30 |    38 |       |       |       |       ||    68
       Chain mail        |       |    47 |    96 |       |       |       ||   143
       Acid dragon scale |       |       |    31 |   246 |   259 |    78 ||   614
       Plate armour      |       |       |       |       |       |   160 ||   160
       Skin              |       |       |       |       |       |     4 ||     4
Dodge: Dodged            |    55 |    79 |   126 |   256 |   282 |   256 ||  1054
       Deflected         |       |       |       |       |       |     3 ||     3
Block: Shield            |       |       |    62 |   412 |   647 |   911 ||  2032
       Reflection        |       |       |       |       |     7 |    47 ||    54
       Rpst.: Falchion   |    17 |       |       |       |       |       ||    17

Table legend:
 A = Non-vault XP
 B = Vault XP
 C = Vault XP percentage of total XP
 D = Non-vault monster count
 E = Vault monster count
 F = Vault count percentage of total count
                 A         B        C        D         E       F
            +---------+---------+-------+---------+---------+-------
      Total |  189537 |  108454 |  36.4 |     794 |     288 |  26.6
            +---------+---------+-------+---------+---------+-------
        D:1 |      18 |       0 |   0.0 |      10 |       0 |   0.0
        D:2 |     215 |      15 |   6.5 |      24 |       1 |   4.0
        D:3 |      69 |      42 |  37.8 |      22 |      17 |  43.6
        D:4 |     416 |       0 |   0.0 |      23 |       0 |   0.0
        D:5 |     528 |       0 |   0.0 |      18 |       0 |   0.0
        D:6 |     714 |     409 |  36.4 |      16 |       1 |   5.9
        D:7 |    1295 |       0 |   0.0 |      24 |       0 |   0.0
        D:8 |    1942 |       0 |   0.0 |      24 |       0 |   0.0
        D:9 |    1006 |    3151 |  75.8 |      16 |       9 |  36.0
       D:10 |    6962 |    1776 |  20.3 |      60 |       9 |  13.0
       D:11 |    2745 |       0 |   0.0 |      18 |       0 |   0.0
       D:12 |    6430 |       0 |   0.0 |      37 |       0 |   0.0
       D:13 |    8947 |    4029 |  31.0 |      32 |      11 |  25.6
       D:14 |    4399 |    1073 |  19.6 |      17 |       1 |   5.6
       D:15 |   12482 |    5632 |  31.1 |      23 |       9 |  28.1
     Lair:1 |    2201 |       0 |   0.0 |      13 |       0 |   0.0
     Lair:2 |    6122 |    3380 |  35.6 |      30 |      11 |  26.8
     Lair:3 |    2813 |    3626 |  56.3 |      15 |      29 |  65.9
     Lair:4 |    5234 |    9190 |  63.7 |      28 |      18 |  39.1
     Lair:5 |    9135 |    4723 |  34.1 |      27 |      16 |  37.2
     Lair:6 |   11602 |   10090 |  46.5 |      33 |      17 |  34.0
    Swamp:1 |   15977 |       0 |   0.0 |      43 |       0 |   0.0
    Swamp:2 |   17259 |    1345 |   7.2 |      39 |       1 |   2.5
    Swamp:3 |    9834 |       0 |   0.0 |      24 |       0 |   0.0
    Swamp:4 |   12219 |   26769 |  68.7 |      42 |      31 |  42.5
    Snake:1 |   13332 |    6309 |  32.1 |      25 |       8 |  24.2
    Snake:2 |   15222 |       0 |   0.0 |      27 |       0 |   0.0
    Snake:3 |   15373 |    2643 |  14.7 |      32 |       1 |   3.0
      Orc:1 |    2871 |    2759 |  49.0 |      28 |       9 |  24.3
      Orc:2 |    2175 |   11525 |  84.1 |      24 |      53 |  68.8
      IceCv |       0 |    9968 | 100.0 |       0 |      36 | 100.0
            +---------+---------+-------+---------+---------+-------

Levels and vault maps discovered:
D:1:      minmay_arrival_split_and_join, layout_loops_cross
D:2:      layout_basic, cheibriados_altar_1
D:3:      layout_loops_cross, okawaru_trees_2, ebering_ghost_sewer_f,
          portal_sewer_entry_b, first_ration, uniq_robin
D:4:      layout_basic, lemuel_doored_altar, zin_purify,
          nicolae_dithmenos_through_a_glass_darkly
D:5:      layout_loops_ring, minmay_temple_entry_gardened_gates, serial_shops,
          nicolae_shop_trees
D:6:      layout_rooms, uniq_maggie
D:7:      layout_loops_ring, regret_index_temple_of_mockery,
          nemelex_xobeh_ov_fountains_minmay, kennysheep_flooded_box
D:8:      layout_basic
D:9:      lemuel_ice_statue, layout_long_grid, gammafunk_temple_overflow_statue,
          orc_0_dummy, hangedman_ranch [blue_anna_fruit_fields], uniq_erolcha
D:10:     layout_roguey, due_lair_maze_entry_diamond, uniq_urug
D:11:     layout_irregular_city, basic_altar
D:12:     layout_basic, basic_altar
D:13:     layout_basic, david_vaults_4, eino_jars
D:14:     layout_gridville, ashenzari_altar_1, uniq_snorg
D:15:     gammafunk_depths_entry_grave, layout_loops_cross, lemuel_tele_altar,
          gammafunk_ghost_spectres, eino_small_chamber_without_monster,
          uniq_nessos
Lair:1:   layout_gridlike
Lair:2:   layout_misc_corridors, palyth_hydra_swamp_entry, serial_bayou_ford_a,
          hibernation_bobbens
Lair:3:   layout_roguey, guppyfry_snake_entry_garden, basic_altar,
          grunt_forest_large_clearings, infiniplex_staircase_pool_2,
          grunt_megastairs_2
Lair:4:   beast_lair_carwin_large_4, layout_cave_pods, gauntlet_entry_generic,
          chequers_serial_rivers_large_a, cheibrodos_lair_reptile_den
Lair:5:   layout_big_grid, portal_ice_cave_entry_ice_beasts,
          beast_lair_carwin_10, serial_bayou_shore_a
Lair:6:   grunt_lair_end_beastmaster, layout_misc_corridors, slime_altar_1
Swamp:1:  layout_basic_swamp, serial_swamp_ruin, evilmike_swamp_ruin_house_6,
          evilmike_swamp_ruin_house_4
Swamp:2:  layout_falls_marsh, nicolae_swamp_godswood, uniq_donald
Swamp:3:  layout_basic_swamp, evilmike_swamp_ruin_house_1, swamp_pool1
Swamp:4:  swamp_vile, layout_basic_swamp, swamp_pool1, uniq_nikola
Snake:1:  layout_onion_interference, grunt_megastairs_5, uniq_aizul
Snake:2:  layout_onion_interference
Snake:3:  layout_honeycomb, ebering_ghost_xom, serial_shops, shop, uniq_asterion
Orc:1:    layout_diamond_mine, gammafunk_ghost_stat_death, uniq_fannar
Orc:2:    st_orc_town, layout_caves, serial_shops,
          nicolae_shop_overgrown_old_shop, uniq_sonja, uniq_jorgrun

Table legend:
 A = Turns spent in this place as a percentage of turns spent in the entire game.
 B = Non-inter-level travel turns spent in this place as a percentage of non-inter-level travel turns spent in the entire game.
 C = Inter-level travel turns spent in this place as a percentage of turns spent in this place.
 D = Turns resting spent in this place as a percentage of non-inter-level travel turns spent in this place.
 E = Turns spent auto-exploring this place as a percentage of non-inter-level travel turns spent in this place.
 F = Non-inter-level travel turns spent in this place divided by the number of levels of this place that you've seen.
                   A       B       C       D       E      F
               +-------+-------+-------+-------+-------+----------------------
         Total | 100.0 | 100.0 |   6.6 |  10.9 |  54.8 | 872.2
       Dungeon |  46.1 |  46.5 |   5.7 |  13.3 |  58.7 | 865.9
          Lair |  23.6 |  22.6 |  10.8 |   7.0 |  55.6 | 1049.5
         Swamp |  14.2 |  14.4 |   5.6 |  13.4 |  46.6 | 1002.5
     Snake Pit |   8.3 |   8.6 |   2.9 |   8.1 |  57.9 | 799.7
  Orcish Mines |   5.1 |   5.0 |   8.8 |   6.6 |  50.0 | 693.5
      Ice Cave |   2.3 |   2.4 |   0.0 |   6.8 |  33.6 | 678.0
      Gauntlet |   0.5 |   0.5 |   0.0 |   0.0 |   0.0 | 153.0
               +-------+-------+-------+-------+-------+----------------------

Table legend:
 A = Kills in this place as a percentage of kills in entire the game.
 B = Kills by you in this place as a percentage of kills by you in the entire game.
 C = Kills by friends in this place as a percentage of kills by friends in the entire game.
 D = Other kills in this place as a percentage of other kills in the entire game.
 E = Experience gained in this place as a percentage of experience gained in the entire game.
 F = Experience gained in this place divided by the number of levels of this place that you have seen.
                   A       B       C       D       E      F
               +-------+-------+-------+-------+-------+----------------------
         Total | 100.0 | 100.0 | 100.0 | 100.0 | 100.0 | 9312.2
       Dungeon |  39.0 |  39.2 |   0.0 |  16.7 |  21.6 | 4286.3
          Lair |  21.9 |  22.1 |   0.0 |   0.0 |  22.9 | 11352.7
         Swamp |  16.6 |  16.3 | 100.0 |  50.0 |  28.0 | 20850.8
     Snake Pit |   8.6 |   8.6 |   0.0 |  16.7 |  17.7 | 17626.3
  Orcish Mines |  10.5 |  10.5 |   0.0 |  16.7 |   6.5 | 9665.0
      Ice Cave |   3.3 |   3.4 |   0.0 |   0.0 |   3.3 | 9968.0
               +-------+-------+-------+-------+-------+----------------------
